 Dungeon Crawl Stone Soup version 0.25-a0-578-gc91f01c (webtiles) character file.

Game seed: 11683254485970932269, levelgen mode: deterministic

14 Faels the Skirmisher (level 2, 0/24 HPs)
             Began as a Demonspawn Fighter on Mar 4, 2020.
             Succumbed to a kobold's poison
             ... on level 1 of the Dungeon.
             The game lasted 00:02:06 (235 turns).

Faels the Skirmisher (Demonspawn Fighter)            Turns: 235, Time: 00:02:07

Health: 0/24       AC: 10    Str: 16    XL:     2   Next: 31%
Magic:  2/2        EV:  4    Int:  9    God:
Gold:   43         SH:  8    Dex: 12    Spells: 1/1 levels left

rFire    . . .     SeeInvis .   a - +0 long sword
rCold    . . .     Gourm    .   c - +0 kite shield
rNeg     . . .     Faith    .   e - +0 chain mail
rPois    .         Spirit   .   (no helmet)
rElec    .         Reflect  .   (no cloak)
rCorr    .         Harm     .   (no gloves)
MR       .....                  (no boots)
Stlth    ..........             (no amulet)
HPRegen  0.08/turn              (no ring)
MPRegen  0.08/turn              (no ring)

@: mighty, lethally poisoned (0 -> -8)
A: slimy green scales 1, sense surroundings 1, MP-powered wands
a: no special abilities


You were on level 1 of the Dungeon.
You were not hungry.

You visited 1 branch of the dungeon, and saw 1 of its levels.

You collected 43 gold pieces.

Inventory:

Hand Weapons
 a - a +0 long sword (weapon)
Armour
 c - a +0 kite shield (worn)
 e - a +0 chain mail (worn)
Scrolls
 h - a scroll of amnesia {unknown}
 j - a scroll of identify {unknown}
 l - a scroll of blinking {unknown}
Potions
 k - a potion of mutation
Comestibles
 f - a ration
 g - 3 chunks of flesh


   Skills:
 - Level 3.0 Fighting
 * Level 2.4 Long Blades
 - Level 2.6 Armour
 + Level 0.8 Dodging
 - Level 2.6 Shields


You had one spell level left.
You didn't know any spells.
Your spell library was empty.

Dungeon Overview and Level Annotations

Branches:
Dungeon (1/15)

Altars:


Innate Abilities, Weirdness & Mutations

You are partially covered in slimy green scales. (AC +2)
You passively map a small area around you.
You expend magic power (3 MP) to strengthen your wands.


Message History

* * * LOW HITPOINT WARNING * * *
You feel sick.
* * * LOW HITPOINT WARNING * * *
You feel sick.
* * * LOW HITPOINT WARNING * * *
You feel sick.
* * * LOW HITPOINT WARNING * * *
You feel sick.
* * * LOW HITPOINT WARNING * * *
You feel sick.
* * * LOW HITPOINT WARNING * * *
You feel sick.
As you read the scroll labeled NEESTU VAIFEPUEF, it crumbles to dust.
You assume a fearsome visage.
Nothing appears to happen.
It was a scroll of fear.
* * * LOW HITPOINT WARNING * * *
You feel sick.
* * * LOW HITPOINT WARNING * * *
You feel sick.
You die...

###### * ...... , .####**
* *, .### ####+#######
...##########...........
**
...'......รท.'.....)>....,
...##########........... *
...##########...@....... *
...#........)####+#+#### *
...#.........# ,,
...#.........# ** * * ,
####.........# * *
.......... *, *...........
* ...........l
..........S.. ,


There were no monsters in sight!

Vanquished Creatures
  A leopard gecko (D:1)
  2 ball pythons (D:1)
  2 bats (D:1)
  2 giant cockroaches (D:1)
  2 hobgoblins (D:1)
  A kobold (D:1)
  A frilled lizard (D:1)
  A rat (D:1)
12 creatures vanquished.

Notes
Turn   | Place    | Note
-------+----------+-------------------------------------------
     0 | D:1      | Faels the Demonspawn Fighter began the quest for the Orb.
     0 | D:1      | Reached XP level 1. HP: 18/18 MP: 1/1
   185 | D:1      | Gained mutation: You are partially covered in slimy green
                  | scales. (AC +2) [demonic ancestry]
   185 | D:1      | Reached XP level 2. HP: 24/24 MP: 2/2
   214 | D:1      | Gained mutation: You expend magic power (3 MP) to
                  | strengthen your wands. [potion of mutation]
   214 | D:1      | Gained mutation: You passively map a small area around you.
                  | [potion of mutation]
   232 | D:1      | HP: 1/24 [poisoned by a kobold]
   235 | D:1      | Succumbed to a kobold's poison

Levels and vault maps discovered:
D:1:      eino_arrival_water_cross, layout_basic

Skill      XL: |  1 |
---------------+----+-----
Long Blades    | 2 |  2.4
Fighting       | |  3.0
Armour         | |  2.6
Dodging        | |  0.8
Shields        | |  2.6

Action                   || total
-------------------------++-------
Melee: Long sword        ||    30
  Use: Potion            ||     4
       Scroll            ||     1
Armor: Chain mail        ||    15
       Scale mail        ||     5
Dodge: Dodged            ||     5
Block: Kite shield       ||    16
       Rpst.: Long sword ||     4

Table legend:
 A = Non-vault XP
 B = Vault XP
 C = Vault XP percentage of total XP
 D = Non-vault monster count
 E = Vault monster count
 F = Vault count percentage of total count
                 A         B        C        D         E       F
            +---------+---------+-------+---------+---------+-------
      Total |      21 |       0 |   0.0 |      12 |       0 |   0.0
            +---------+---------+-------+---------+---------+-------
        D:1 |      21 |       0 |   0.0 |      12 |       0 |   0.0
            +---------+---------+-------+---------+---------+-------
